[Event "37th ECCC 2022"]
[Site "Mayrhofen"]
[Date "2022.10.03"]
[Round "1.33"]
[White "Wagner, Dennis"]
[Black "Lever, Erwan"]
[Result "1-0"]
[ECO "B40"]
[WhiteElo "2570"]
[BlackElo "2242"]
[Annotator "TA"]
[PlyCount "69"]
[EventDate "2022.10.03"]
[EventType "team-tourn"]
[EventCountry "AUT"]
[SourceTitle "playchess.com"]
[Source "ChessBase"]
[SourceQuality "1"]
[TimeControl "40/5400+30:1800+30"]

1. e4 c5 2. Nf3 e6 3. c3 d5 4. exd5 Qxd5 5. d4 Nf6 6. Na3 Nc6 7. Be3 cxd4 8. Nb5 Qd8 9. Nbxd4 Nxd4 10. Bxd4 Be7 {[%emt 0:02:08] C10: French with 3 Nc3: Unusual Black 3rd moves and 3...dxe4.} 11. Bd3 O-O 12. Ne5 (12. Qc2 $14 {deserves consideration.}) 12... Qd5 {[%emt 0:13:37] The position is equal.} 13. O-O {[%emt 0:01:37] [#]} Rd8 $146 (13... b6 $11) ({Predecessor:} 13... b6 14. Bc4 Qd6 15. Qf3 Rb8 16. Nc6 Bb7 17. Nxe7+ Qxe7 18. Qe2 Rfd8 19. Rad1 Rbc8 20. Rd3 Kh8 {1-0 (35) Santarius,E (2302)-Matus,N (1885) Chicago 2017}) 14. Re1 $16 {[%emt 0:17:44] White leaves nothing to chance now.} b5 {[%emt 0:12:47] [#]} ({Black should play} 14... Bd7) 15. Be2 $1 {[%emt 0:01:48] And now Bf3 would win. White is more active.} Qd6 (15... Bb7 $2 16. Bf3 Qd6 17. Bxb7 $18) (15... Qb7 $16 {might work better.} 16. a4 a6 17. axb5 axb5) 16. Bxb5 Rb8 17. Qe2 {[%emt 0:01:51] aiming for Rad1.} Bb7 (17... a6 {was called for.}) 18. Bxa7 Qd5 19. Nf3 Ra8 20. Bb6 {[%emt 0:01:25] Hoping for Red1.} Rdc8 21. Bd4 Qf5 22. Bd3 Qh5 23. Ne5 Qg5 $2 (23... Qxe2 24. Bxe2 (24. Rxe2 Nd5 $16) 24... Bc5) 24. g3 $18 {[%emt 0:00:12][%cal Bg2g3,Bg3f4][%mdl 32] White is clearly winning.} Qh6 25. h4 Nd5 26. c4 ({Don't take} 26. Qf3 f5 27. c4 Bxh4 $18) 26... Nf4 27. gxf4 Rd8 28. Bc3 Rxd3 29. Qxd3 {[%emt 0:00:13] Strongly threatening Qd7.} Qxh4 {[%emt 0:00:02][%csl Gb7][%cal Rh4h1] [#]} 30. Kf1 $1 ({Weaker is} 30. f3 Qg3+ 31. Kf1 (31. Kh1 $2 f6 $19) 31... Qh3+ 32. Ke2 Qh2+ 33. Kd1 Rd8 $16) 30... Qh1+ 31. Ke2 Qh5+ 32. Nf3 Rd8 33. Rh1 Rxd3 34. Rxh5 Rxf3 35. Rb5 {[%emt 0:00:06] Weighted Error Value: White=0.11 (very precise) /Black=0.45} 1-0

[Event "37th ECCC 2022"]
[Site "Mayrhofen"]
[Date "2022.10.03"]
[Round "1.34"]
[White "Tabernig, Bernhard"]
[Black "Maze, Sebastien"]
[Result "0-1"]
[ECO "E91"]
[WhiteElo "2310"]
[BlackElo "2530"]
[Annotator "TA"]
[PlyCount "208"]
[EventDate "2022.10.03"]
[EventType "team-tourn"]
[EventCountry "AUT"]
[SourceTitle "playchess.com"]
[Source "ChessBase"]
[SourceQuality "1"]
[TimeControl "40/5400+30:1800+30"]

1. d4 Nf6 2. c4 g6 3. Nc3 Bg7 4. e4 d6 5. Nf3 O-O 6. Be2 Nbd7 7. O-O e5 8. d5 Nc5 9. Qc2 a5 10. Bg5 h6 11. Be3 b6 12. Nd2 Nh7 13. a3 {[%emt 0:03:46] E94: King's Indian: Classical: 6 Be2 e5 7 0-0: Various Black 7th moves.} f5 14. f3 (14. b3 $5 ) 14... a4 15. Bxc5 {[%emt 0:02:06] White has an edge.} bxc5 16. Nxa4 h5 17. Nc3 Bh6 {[%emt 0:00:50] [#]} 18. Qd3 $146 ({Predecessor:} 18. Rae1 h4 19. Nd1 Nf6 20. Rf2 Bd7 21. Nb1 Nh5 22. Nbc3 Bf4 23. Bd3 Bg3 24. hxg3 hxg3 {½-½ (46) Palatnik,S (2460)-Anand,V (2405) New Delhi 1986}) 18... h4 {[%emt 0:03:39][%mdl 1024] Black has compensation.} 19. Rf2 Nf6 20. Nf1 Nh5 21. g3 Rf7 22. Rd1 (22. exf5 $11 {keeps the balance.} Bxf5 23. Ne4) 22... Bd7 ({Black should try} 22... Rg7 $17) 23. Rg2 Kh8 24. Qc2 Qf8 25. Bd3 ({Of course not} 25. gxh4 Nf4 26. Rg3 fxe4 $17) 25... Qe7 26. Ne2 (26. Nb5 $11) 26... h3 27. Rf2 Ng7 (27... f4 $17 28. g4 Nf6) 28. Qc3 (28. Kh1 $11 {was preferrable.}) 28... Raf8 29. b4 fxe4 30. Bxe4 Nf5 31. bxc5 dxc5 32. Nf4 (32. Bxf5 $14 gxf5 33. f4) 32... Bxf4 $15 33. gxf4 Nd4 (33... Nd6 $1 $15) 34. fxe5 $11 Qxe5 35. Qe3 {[%emt 0:00:42] Inhibits Ne2+.} Rf4 36. Nd2 Kg7 37. Rdf1 g5 38. Kh1 $2 (38. Qe1 $11 {and White stays safe.}) 38... Qf6 $2 (38... Bf5 $1 $19 {[%cal Od4f3] Strongly threatening ...Nxf3!} 39. Qe1 Bxe4 40. fxe4 Nb3) 39. Nb3 (39. Rg1 $11) 39... Nxb3 $1 $15 40. Qxb3 Qd4 (40... g4 $15) 41. Qd3 (41. Qc2 $1 $11) 41... Qxd3 {[%emt 0:00:41] Black is much more active.} (41... g4 {keeps more tension.} 42. Kg1 Kh6 43. Qxd4 cxd4 44. Re1 Kg5) 42. Bxd3 Rd4 43. Be2 Re8 (43... Rb8 $1 $17) 44. Kg1 $1 $11 Re3 45. Ra1 Ba4 46. Bf1 Rf4 47. Bxh3 Rxc4 48. Rg2 Kf6 49. Rg4 (49. Rb2 $11) 49... Rxg4+ $1 $17 50. Bxg4 {[%emt 0:00:05][%mdl 4096] Endgame KRB-KRB} c4 $1 51. Kf2 Rd3 52. f4 $2 (52. Bc8 $17 {is tougher.}) 52... c3 $2 (52... gxf4 $19 53. Rc1 c3) 53. fxg5+ $11 Kxg5 54. Be2 Rxd5 55. Rg1+ Kf6 (55... Kf5 $5 56. Ke3 Re5+ 57. Kf3 Bc6+ 58. Kf2 Be4 $15) 56. Ke3 $1 Re5+ 57. Kf2 c2 58. Bd3 Rh5 (58... Rc5 $5 59. Rc1 $8 Rh5 $15) 59. Ke3 Rxh2 60. Rg6+ $2 (60. Kd4 $11) 60... Ke5 $1 $19 61. Rg5+ Kd6 62. Rg6+ Kc5 63. Rg5+ Kb6 $1 64. Rg1 c5 65. Rc1 {[%emt 0:01:19] [#]} Bb3 $2 (65... Ka5 $1 $19 {is more deadly.} 66. Bf5 Rg2) 66. Bf5 $17 {[%emt 0:00:07] [#]} c4 ({Black should play} 66... Rg2 $1 $17 67. Be4 Rg3+ 68. Kd2 c4) 67. Kd4 $1 $11 Rf2 68. Bg6 Ka5 69. Kc3 Ka4 70. Kb2 Rf3 71. Be8+ Ka5 72. Bg6 Ba4 73. Bxc2 c3+ 74. Kb1 Bb5 75. Rg1 Bc4 76. Rg5+ Kb6 {[%emt 0:00:07] aiming for ...Rf1+.} 77. Rg6+ Kc5 78. Rg5+ Kd6 {[%emt 0:00:06] And now ...Rf1+ would win.} 79. Rg6+ Ke7 {[%emt 0:00:46] Hoping for ...Rf1+.} 80. Rg1 Be6 81. Rd1 Bc4 82. Kc1 Ke6 83. Kb1 Ke5 84. Kc1 Rf8 85. Rg1 Rh8 86. Rg5+ Kf4 87. Rg1 {[%emt 0:00:35] Inhibits Rh1.} Rh2 88. Re1 Be2 89. a4 Bf3 90. Rf1 {[%emt 0:00:25] Bd1 is the strong threat.} Ke3 91. a5 Be2 92. Re1 {[%emt 0:01:01] Black must now prevent Bd1.} Kf2 $2 (92... Kd4 $11) 93. Rxe2+ Kxe2 {[%emt 0:00:04] KR-KB} 94. Be4 $2 {[%emt 0:00:14][%mdl 8192] Prevents Rh1+.} (94. Bf5 $11) 94... Ke3 95. Bb1 $2 (95. Bg6 $11 Rf2 96. Be8) 95... Kd4 96. a6 Rh6 $2 (96... Rh8 $11 97. Bg6 Ra8) 97. a7 Ra6 98. Bf5 $2 (98. Bg6 $11 Rxa7 99. Bf5) 98... Rxa7 99. Kc2 $2 (99. Bg6 $11 Ra2 100. Bh7) 99... Rf7 $2 (99... Ra2+ $11 100. Kc1 Rg2) 100. Bg6 Rf2+ 101. Kd1 $2 (101. Kc1 $11 Rh2 102. Bf5) 101... Kc4 {[%emt 0:00:27] Black mates.} 102. Bc2 Rf1+ 103. Ke2 Rc1 104. Bh7 Kb3 {[%emt 0:00:08] Weighted Error Value: White=0.47/Black=0.31} ({Weaker is} 104... c2 105. Kd2 $11) 0-1

[Event "37th ECCC 2022"]
[Site "Mayrhofen"]
[Date "2022.10.03"]
[Round "1.35"]
[White "Libiszewski, Fabien"]
[Black "Schiestl, Josef"]
[Result "1-0"]
[ECO "A05"]
[WhiteElo "2512"]
[BlackElo "2123"]
[Annotator "TA"]
[PlyCount "47"]
[EventDate "2022.10.03"]
[EventType "team-tourn"]
[EventCountry "AUT"]
[SourceTitle "playchess.com"]
[Source "ChessBase"]
[SourceQuality "1"]
[TimeControl "40/5400+30:1800+30"]

1. Nf3 Nf6 2. g3 g6 3. b3 Bg7 4. Bb2 c5 5. c4 Nc6 6. Bg2 O-O 7. O-O d6 8. d4 cxd4 9. Nxd4 Bd7 10. Nc3 a5 {[%emt 0:16:47] E60: King's Indian: Unusual lines and Fianchetto Variation without Nc3.} (10... a6 $11 {keeps the balance.}) 11. Ndb5 $16 Qc8 {[%emt 0:14:34] [#]} 12. Qd2 $146 ({Predecessor:} 12. e4 Bh3 13. Qe2 Bxg2 14. Kxg2 Nd7 15. Nd5 Qd8 16. Rad1 Bxb2 17. Qxb2 Nc5 18. Rfe1 {1-0 (27) Panchenko,A (2346)-Shmat,S (2076) Kiev 2007}) 12... Bh3 {[%emt 0:07:08] White is better.} 13. Rac1 {[%emt 0:02:26] White is more active.} Bxg2 14. Kxg2 Qf5 15. f3 {[%emt 0:01:49] Against Ne4} h5 16. e4 Qd7 17. Na4 Qd8 {[%emt 0:00:33] Against Nb6} 18. Rfd1 Nd7 (18... b6 $16 19. Bxf6 Bxf6) 19. Bxg7 Kxg7 20. c5 Nxc5 $2 (20... h4 21. cxd6 e5) 21. Qb2+ Kg8 22. Nxc5 Qb6 {[%emt 0:00:19] [#]} 23. Nxd6 exd6 (23... Rfd8 24. Ndxb7) 24. Nd7 {[%emt 0:00:11] White took control after the opening.  Weighted Error Value: White=0.10 (very precise) /Black=0.56} 1-0

[Event "37th ECCC 2022"]
[Site "Mayrhofen"]
[Date "2022.10.03"]
[Round "1.36"]
[White "Spindelberger, Paul"]
[Black "Tarlev, Konstantin"]
[Result "0-1"]
[ECO "B84"]
[WhiteElo "1983"]
[BlackElo "2577"]
[Annotator "TA"]
[PlyCount "72"]
[EventDate "2022.10.03"]
[EventType "team-tourn"]
[EventCountry "AUT"]
[SourceTitle "playchess.com"]
[Source "ChessBase"]
[SourceQuality "1"]
[TimeControl "40/5400+30:1800+30"]

1. e4 c5 2. Nf3 d6 3. d4 cxd4 4. Nxd4 Nf6 5. Nc3 a6 6. Be2 e6 7. Be3 {[%emt 0:03:35] is more profitable than 7.0-0 at the moment.} Be7 8. O-O O-O 9. f3 {[%emt 0:04:55] B84: Sicilian Scheveningen: 6 Be2 a6, lines without early Be3.} b5 10. a3 Bb7 11. Qd2 {[%emt 0:03:55] The position is equal.} Nbd7 12. Nb3 Qc7 13. Rad1 Rfd8 (13... d5 14. exd5 Nxd5 15. Nxd5 Bxd5 16. Bf4 Qb7) 14. Bd3 {[%emt 0:14:26] [#]} d5 $146 (14... Rac8 15. Qf2 d5 16. exd5 Nxd5 17. Nxd5 Bxd5 18. Nd4 Ne5 19. Rfe1 Bf6 20. Bf1 Ng6) ({Predecessor:} 14... Rac8 15. Qf2 d5 16. exd5 Nxd5 17. Nxd5 Bxd5 18. Nd4 Ne5 19. Rfe1 Bf6 20. Bf1 Ng6 {0-1 (43) Slepankova,R (2005)-Kalod,R (2210) Prague 1995}) 15. exd5 Nxd5 16. Nxd5 Bxd5 17. Nc1 Nc5 18. Qf2 Rab8 19. Rd2 Na4 {[%emt 0:07:48] Black is more active.} 20. c3 $1 Nb6 $36 {[%emt 0:01:24][%mdl 2048] Black is more active.} 21. Rfd1 Nc4 (21... g6 {keeps more tension.} 22. f4 Nc4 23. Bxc4 bxc4 24. Bd4 Rb5) 22. Bxc4 Bxc4 (22... bxc4 23. Ne2 a5 24. Qg3 Qxg3 25. Nxg3 g6) (22... bxc4 {seems wilder.} 23. Ne2 g6 24. h3 Ba8) 23. Rxd8+ (23. Nd3) 23... Rxd8 (23... Bxd8 24. Nd3) 24. Rxd8+ Qxd8 25. Qd2 {[%emt 0:00:23] Against Qd1+} (25. Qc2 $15) 25... Qxd2 $19 26. Bxd2 {[%emt 0:00:01][%mdl 4096] Endgame KBB-KBN} Bc5+ 27. Kh1 e5 28. g3 (28. b3 Bf1 29. b4) (28. b3 $17 Bf1 29. b4) 28... Bf1 (28... a5 29. Kg2 a4) (28... f6 $19 {has better winning chances. Hoping for ...a5.} 29. Kg2 Bb6) 29. Nb3 $17 Bf2 30. Na5 f6 31. Nb7 (31. Nc6) (31. Nc6 $142) 31... Kf7 {[%emt 0:04:22] Strongly threatening ...Ke6.} 32. Nd6+ Ke6 33. Ne4 Bb6 {[%emt 0:00:06] aiming for ...f5.} 34. Be1 (34. b4) (34. g4 $17 {was necessary.}) 34... Kd5 35. Nd2 (35. b4) (35. b4 {was worth a try.}) 35... Bh3 $19 36. b3 Be3 {[%emt 0:00:53] Weighted Error Value: White=0.21 (precise) /Black=0.12 (very precise)} 0-1

[Event "37th ECCC 2022"]
[Site "Mayrhofen"]
[Date "2022.10.03"]
[Round "1.37"]
[White "Meshkovs, Nikita"]
[Black "Carlsen, Magnus"]
[Result "1/2-1/2"]
[ECO "E10"]
[WhiteElo "2566"]
[BlackElo "2856"]
[Annotator "TA"]
[PlyCount "87"]
[EventDate "2022.10.03"]
[EventType "team-tourn"]
[EventCountry "AUT"]
[SourceTitle "playchess.com"]
[Source "ChessBase"]
[SourceQuality "1"]
[TimeControl "40/5400+30:1800+30"]

1. d4 Nf6 2. c4 e6 3. Nf3 d5 4. g3 Bb4+ 5. Bd2 Be7 6. Bg2 c6 7. Qc2 O-O 8. O-O b6 9. Bf4 Ba6 {[%emt 0:02:15] E06: Closed Catalan: Early deviations.} 10. cxd5 cxd5 11. Rc1 Nbd7 12. Nc3 Nh5 13. Qa4 Nxf4 14. Qxa6 Nxg2 15. Kxg2 Qc8 16. Qxc8 (16. Qd3 $5 ) 16... Rfxc8 17. Nb5 Rd8 18. Nc7 Rab8 {[%emt 0:01:48] [#]} 19. Rc6 $146 ({Predecessor:} 19. a4 Rb7 20. Rc3 Bd6 21. Rac1 Kf8 22. Ne1 Ke7 23. Nd3 f6 24. Nb5 Nb8 25. b4 {1-0 (44) Saduakassova,D (2495)-Bhambure,S (2194) Abu Dhabi 2018}) 19... Rb7 20. Na6 g5 21. Rac1 g4 22. Ne1 {[%emt 0:03:23] Pair of Knights!} Nf6 23. Nd3 Bd6 24. Rc8 Rxc8 25. Rxc8+ Kg7 26. h3 {[%emt 0:02:54] The position is equal.} h5 27. hxg4 hxg4 28. Nab4 a5 29. Nc6 Nd7 30. a4 Kf6 31. f3 gxf3+ 32. exf3 Kg7 33. Kf2 Nf6 34. g4 Rc7 35. Rxc7 Bxc7 $11 {[%emt 0:00:02][%mdl 4096] Endgame KBN-KNN} 36. Ke3 Ne8 37. Na7 Bb8 38. Nb5 Nf6 39. b3 Nd7 40. f4 Nf6 41. Nf2 Ng8 42. Nd3 Nf6 43. Nf2 Ng8 44. Nd3 {[%emt 0:00:04] Weighted Error Value: White=0.03 (flawless) /Black=0.02 (flawless)} 1/2-1/2

[Event "37th ECCC 2022"]
[Site "Mayrhofen"]
[Date "2022.10.03"]
[Round "1.38"]
[White "Tari, Aryan"]
[Black "Niemi, Mikko"]
[Result "1-0"]
[ECO "B06"]
[WhiteElo "2656"]
[BlackElo "2306"]
[Annotator "TA"]
[PlyCount "49"]
[EventDate "2022.10.03"]
[EventType "team-tourn"]
[EventCountry "AUT"]
[SourceTitle "playchess.com"]
[Source "ChessBase"]
[SourceQuality "1"]
[TimeControl "40/5400+30:1800+30"]

1. e4 d6 2. d4 g6 3. Nf3 Bg7 4. Nc3 a6 5. Be2 b5 6. O-O Bb7 7. e5 {[%emt 0:00:08][%cal Oe5e6] B06: Modern Defence.} e6 8. d5 {[%emt 0:00:05] [#]} dxe5 $146 (8... exd5 $1 $11 9. Bg5 (9. Nxd5 dxe5 10. c4 Nd7 $11) 9... Qd7) ({Predecessor:} 8... exd5 9. e6 h6 10. exf7+ Kxf7 11. Nxd5 Nf6 12. Ne3 Nbd7 13. a4 Re8 14. axb5 axb5 15. Rxa8 Qxa8 16. Bxb5 {½-½ (44) Almeida,R (2345)-Cleto,D (2204) ICCF email 2016}) 9. dxe6 $1 $16 {[%emt 0:03:17] White is better.} f6 10. Be3 Ne7 11. Bc5 {Against Qd6} (11. Qxd8+ $16 Kxd8 12. Bc5) 11... Nbc6 (11... Nd5 $11 {remains equal.}) 12. b4 {[%emt 0:18:51] White is much more active. The black rooks are badly placed.} (12. a4 $16 b4 13. Na2 (13. Ne4 Qc8 $14)) 12... Nf5 (12... Qxd1 $11 13. Raxd1 (13. Rfxd1 f5 $11) 13... Bc8) 13. a4 bxa4 14. Bc4 (14. Nxa4 Qc8 $14) 14... Bf8 15. Ne4 (15. Rxa4 $6 Bxc5 16. bxc5 Qxd1 17. Rxd1 Ncd4 $11) (15. Nd5 $1 $16 {[%cal Rd5f6] Nxf6+! would kill now.} Bxc5 16. bxc5) 15... Ncd4 (15... Nd6 $14 16. Bxd6 cxd6) 16. Nxd4 Bxe4 {[%emt 0:08:48] [#]} 17. e7 $1 {[%emt 0:05:00] The board is on fire.} ({Don't play} 17. Nxf5 Qxd1 18. Ng7+ (18. Raxd1 Bxf5 19. Bxf8 Rxf8 $14) 18... Bxg7 $14) 17... Bxe7 {[%emt 0:01:55][%cal Rf5d4] [#]} 18. Qg4 $1 {[%emt 0:03:09] Black must now prevent Ne6.} ({Worse is} 18. Ne6 Qxd1 19. Rfxd1 Bxc5 20. Nxc7+ Ke7 21. bxc5 Rac8 22. Nd5+ Bxd5 23. Rxd5 Rhd8 24. Rxd8 Kxd8 $17) 18... Bxc5 (18... Nxd4 $16 19. Qxe4 Rb8) 19. Ne6 $18 Qb8 (19... Bxf2+ $2 20. Rxf2 Qd6 21. Qxe4 $18) (19... Qc8 $142) 20. Qxe4 Bd6 21. Nxc7+ {[%emt 0:01:13][%mdl 64] Decoy} ({Less strong is} 21. Qc6+ Ke7 $16) 21... Bxc7 $2 (21... Ke7) 22. Qc6+ Kd8 23. Qxf6+ Kd7 24. Be6+ Kc6 25. Bxf5+ {[%emt 0:00:15] Weighted Error Value: White=0.19 (very precise) /Black=0.67} (25. Bd5+ $142 Kxd5 26. c4+ Ke4 27. Rfe1+ Kd4 28. Qc6 Qb6 29. Qd5+ Kc3 30. Rec1+ Kxb4 31. c5 Nd6 32. Qa2 Qc6 33. Rab1+ Ka5 34. Qd2#) 1-0

[Event "37th ECCC 2022"]
[Site "Mayrhofen"]
[Date "2022.10.03"]
[Round "1.39"]
[White "Heinola, Vesa"]
[Black "Christiansen, Johan-Sebastian"]
[Result "0-1"]
[ECO "A57"]
[WhiteElo "2265"]
[BlackElo "2576"]
[Annotator "TA"]
[PlyCount "122"]
[EventDate "2022.10.03"]
[EventType "team-tourn"]
[EventCountry "AUT"]
[SourceTitle "playchess.com"]
[Source "ChessBase"]
[SourceQuality "1"]
[TimeControl "40/5400+30:1800+30"]

1. d4 Nf6 2. c4 c5 3. d5 b5 4. Nd2 bxc4 5. e4 e6 (5... Qa5 6. Qc2 $14) 6. dxe6 {[%emt 0:01:06] A57: Benko/Volga Gambit.} dxe6 7. Bxc4 Bb7 8. Qe2 {[%emt 0:01:53] The position is equal.} Nc6 9. Ngf3 Be7 10. O-O O-O 11. e5 (11. Rd1 $11) 11... Nd5 $15 12. Ne4 Qc7 $1 13. Nc3 {[%emt 0:03:08] [#]} Rad8 $146 ({Predecessor:} 13... Ncb4 14. Ng5 Nb6 15. a3 Nxc4 16. Qxc4 Nc2 17. Nxh7 Nxa1 18. Nf6+ Bxf6 19. exf6 Qe5 {½-½ (54) Makke,L (2175)-Mourot,F (2105) France 2001}) 14. Re1 Nd4 15. Nxd4 {[%emt 0:01:58] [#] aiming for Ndb5.} Nxc3 ({Of course not} 15... cxd4 $6 16. Nxd5 Bxd5 17. Bd3 $11) 16. bxc3 {[%emt 0:01:56] Strongly threatening Nb5.} cxd4 17. cxd4 Rxd4 18. Bb3 Re4 19. Be3 Bg5 20. Bc2 Rxe5 ({Don't take} 20... Qxe5 21. Bxe4 Qxe4 22. f3 Bxe3+ 23. Qxe3 $16) 21. Rac1 Qa5 22. Qd3 Be4 {[%emt 0:02:44] Active counter play!} 23. Qb3 Bxc2 24. Qxc2 Bxe3 25. Rxe3 Rxe3 26. fxe3 $17 {[%emt 0:00:05][%mdl 4096] Endgame KQR-KQR} g6 27. Rd1 Rb8 28. h3 h5 29. Rf1 Qe5 30. Qf2 Rb7 31. Qf3 Rc7 32. Qa8+ Kg7 33. Qf3 a5 34. a4 (34. Kh1 $17) 34... Qc3 35. Kh2 Qe5+ 36. Kg1 $1 Rd7 37. Kh1 Kh7 38. Qc6 Qc7 39. Qf3 (39. Qe4 $17) 39... Qc4 $19 40. Ra1 Kg7 {[%emt 0:00:29] Against Qf6+} 41. Kg1 Rd5 42. Qf2 ({Don't play} 42. Rf1 Rf5 43. Qd1 Rxf1+ 44. Qxf1 Qxa4 $19) 42... Qc3 43. Re1 Rd2 44. Qg3 Rd5 $2 ({Black should play} 44... Ra2 $19 45. Rf1 Rxa4) 45. Rf1 $2 (45. Qf2 $1 $11 {and White has nothing to worry.}) 45... Re5 46. Rf3 Qc1+ 47. Kh2 {[%emt 0:00:00] [#]} Qc7 48. Rf4 Rc5 {[%emt 0:04:32] Inhibits Rc4.} 49. h4 $2 (49. Rd4 {was necessary.}) 49... Rc3 50. Kh3 e5 51. Rf3 e4 52. Rf4 (52. Qxc7 Rxc7 53. Rf2) 52... Qc5 53. Kh2 Rxe3 54. Qf2 f5 55. Qb2+ Rc3 {[%emt 0:00:22] And now ...e3 would win.} 56. Rf2 Qb4 57. Qd2 Rd3 {[%emt 0:00:10] Against Qd7+} 58. Qg5 Qd6+ 59. g3 e3 60. Rxf5 Rd2+ 61. Kg1 Rd1+ {[%emt 0:00:45] Weighted Error Value: White=0.50/Black=0.16 (very precise)} 0-1

[Event "37th ECCC 2022"]
[Site "Mayrhofen"]
[Date "2022.10.03"]
[Round "1.40"]
[White "Urkedal, Frode Olav Olsen"]
[Black "Kauko, Jussi"]
[Result "1-0"]
[ECO "A67"]
[WhiteElo "2523"]
[BlackElo "2250"]
[Annotator "TA"]
[PlyCount "83"]
[EventDate "2022.10.03"]
[EventType "team-tourn"]
[EventCountry "AUT"]
[SourceTitle "playchess.com"]
[Source "ChessBase"]
[SourceQuality "1"]
[TimeControl "40/5400+30:1800+30"]

1. d4 Nf6 2. c4 c5 3. d5 e6 4. Nc3 exd5 5. cxd5 d6 6. e4 g6 7. f4 Bg7 8. Bb5+ Nfd7 9. a4 O-O 10. Nf3 Na6 11. O-O Nb4 {[%emt 0:03:04] The main line 11...Nb4 scores better than 11...Nc7.} 12. h3 {[%emt 0:00:24] A67: Modern Benoni: Taimanov Variation.} a6 13. Bc4 Re8 (13... f5 {keeps more tension.} 14. Ng5 Nb6 15. Bb3 a5) 14. Re1 {[%emt 0:00:05] White is slightly better.} Nb6 {[%emt 0:03:42] [#]} (14... Rb8 $11 {keeps the balance.}) 15. Bf1 $1 $16 {[%emt 0:02:15] [#] Black is now going downhill.} Bd7 $146 ({Predecessor:} 15... f5 16. a5 Nd7 17. e5 dxe5 18. d6 e4 19. Bc4+ Kh8 20. Ng5 Qf6 21. Be3 h6 {1-0 (43) Zujev,O (2270)-Maj,P (2153) Warsaw 2015}) 16. Be3 Rc8 17. Bf2 Na8 (17... a5 $16 {is a better defense.}) 18. Qd2 $18 Nc7 (18... a5 $16 {might work better.} 19. Nb5 c4) 19. Bh4 f6 20. e5 Bf5 21. Rac1 g5 22. exd6 gxh4 23. dxc7 Rxc7 24. Nxh4 Bd7 25. d6 Rc6 (25... Rc8 $142 26. Rxe8+ Bxe8) 26. Bc4+ Kh8 27. Rxe8+ Bxe8 28. Rd1 Bd7 29. f5 {[%emt 0:02:10] [#] Strongly threatening Re1.} Rc8 30. Be6 Nc6 31. Nf3 Rb8 32. Qf2 {[%emt 0:02:23] White is clearly winning.} b6 33. Ne2 Bh6 34. Qh4 Be3+ 35. Kh1 Ne5 (35... Rb7 $142 36. Bxd7 Rxd7) 36. Nxe5 fxe5 37. Qg3 Bh6 38. Bxd7 Qxd7 39. Qxe5+ Kg8 40. Qe6+ Qxe6 41. fxe6 Kf8 42. Ng3 {[%emt 0:00:50] Weighted Error Value: White=0.12 (very precise) /Black=0.53} 1-0

[Event "37th ECCC 2022"]
[Site "Mayrhofen"]
[Date "2022.10.03"]
[Round "1.41"]
[White "Torkkola, Henri"]
[Black "Haug, Johannes"]
[Result "0-1"]
[ECO "A45"]
[WhiteElo "2174"]
[BlackElo "2478"]
[Annotator "TA"]
[PlyCount "98"]
[EventDate "2022.10.03"]
[EventType "team-tourn"]
[EventCountry "AUT"]
[SourceTitle "playchess.com"]
[Source "ChessBase"]
[SourceQuality "1"]
[TimeControl "40/5400+30:1800+30"]

1. d4 Nf6 2. Bf4 b6 3. e3 Bb7 4. Nd2 d6 5. h3 g6 6. Ngf3 Bg7 7. Be2 O-O 8. O-O Nbd7 9. a4 a5 10. c3 {[%emt 0:01:18] 10.Bh2 injects fresh life into this line.} Qe8 {[%emt 0:01:48] A48: 1 d4 Nf6 2 Nf3 g6: Torre, London and Colle Systems.} 11. Bh2 e5 12. dxe5 dxe5 {[%emt 0:05:32] The position is equal.} 13. Bb5 Qe7 14. Qc2 Rad8 15. Rad1 {[%emt 0:03:20] [#]} Nd5 $146 ({Predecessor:} 15... Kh8 16. Rfe1 Ne8 17. e4 Nd6 18. Bf1 f5 19. exf5 gxf5 20. Nxe5 Nxe5 21. Bxe5 Bxe5 22. f4 Ne4 23. fxe5 Qc5+ 24. Kh2 Qxe5+ 25. Kg1 Qc5+ 26. Kh2 Qd6+ {0-1 (26) Studenetzky,M (2230)-Biaggi,E (2260) Buenos Aires 1990}) 16. Rfe1 h6 17. Bc4 Nc5 18. e4 Nf4 19. Bxf4 exf4 20. e5 Kh7 21. h4 (21. b4 $14 Ne6 22. bxa5) 21... Bc8 22. Nd4 Qxh4 23. N2f3 Qg4 24. b4 ({White should try} 24. Nh2 $1 $11 Qh5 25. b4) 24... Ne6 ({Better is} 24... Bb7 $1 $15 25. bxc5 Rxd4 26. Rxd4 (26. cxd4 $2 {loses.} Bxf3 27. Bf1 Bxg2 $19) 26... Bxf3) 25. Nb5 $2 {[%emt 0:01:53] Black converts the advantage convincingly.} (25. bxa5 $11 bxa5 26. Qb3) 25... Bb7 $19 26. Be2 {[%emt 0:05:25] [#]} (26. Qe2) 26... Bxe5 $1 27. Rxd8 (27. Kf1 Ng5) 27... Rxd8 ({Inferior is} 27... Nxd8 28. bxa5 bxa5 29. Bd1 $17) 28. Rd1 Rxd1+ 29. Qxd1 {[%emt 0:00:04] [#]} Ng5 $1 30. Nxg5+ (30. Ne1 f3) 30... Qxg5 31. Bf3 Bxf3 32. Qxf3 {[%emt 0:00:04][%mdl 4096] Endgame KQB-KQN} Qf5 33. bxa5 bxa5 34. Nd4 Qb1+ 35. Kh2 Qe1 36. Ne2 $2 (36. Nc6) 36... Qd2 37. Kh3 Qd1 38. g3 Qxa4 39. Qd5 Qe8 40. gxf4 Bg7 41. Nd4 a4 {[%emt 0:30:15][%cal Ba5a4,Ba4a3,Ba3a2][%mdl 32] ...Bxd4 is the strong threat.} 42. f5 Bxd4 43. fxg6+ (43. cxd4 $142 Kg7 44. Kg2) 43... Kxg6 44. Qxd4 {[%emt 0:00:08] KQ-KQ} Qe6+ 45. Kg2 a3 46. Qd3+ Kg7 47. Qd4+ Kh7 {[%emt 0:00:00] ( -> ...Qc6+)} 48. c4 Qg6+ 49. Kh3 a2 {[%emt 0:00:00] Weighted Error Value: White=0.74/Black=0.24 (precise)} 0-1